[Event "Titled Tuesday Blitz July 18 Early 2023"]
[White "Mishra, Manoj"]
[Black "Jimenez Almeida, Luis David"]
[WhiteFideId "5006007"]
[BlackFideId "22242244"]
[WhiteElo "2183"]
[BlackElo "2532"]
[Result "0-1"]
[Round "3"]
[TimeControl "180+2"]
[Date "2023.07.18"]
[WhiteClock "0:00:01"]
[BlackClock "0:00:39"]
[Board "147"]

1. d4 g6 2. e4 Bg7 3. h4 c5 4. c3 cxd4 5. cxd4 d5 6. e5 Nh6 7. h5 Nc6 8. Nc3 Nf5 9. h6 Bf8 10. Nf3 e6 11. g4 Nfe7 12. Nb5 Ng8 13. Bg5 Qb6 14. a4 a6 15. Nc3 Qxb2 16. Bd2 Qb6 17. a5 Qc7 18. Na4 Nxa5 19. Rc1 Nc4 20. Bxc4 dxc4 21. Qc2 b5 22. Nc3 Bb7 23. Ne4 Qc6 24. Nfg5 Ba3 25. Ra1 Be7 26. Rc1 Bxg5 0-1


[Site "https://www.chess.com"]

[Event "Titled Tuesday Blitz July 18 Early 2023"]
[White "Da Silva Junior, Sediney Mari"]
[Black "ArtemDyachuk"]
[WhiteFideId "2132079"]
[WhiteElo "2179"]
[BlackElo "2530"]
[Result "1-0"]
[Round "3"]
[TimeControl "180+2"]
[Date "2023.07.18"]
[WhiteClock "0:00:16"]
[BlackClock "0:00:02"]
[Board "148"]

1. e4 c6 2. d4 d5 3. f3 e6 4. Nc3 Qb6 5. Qd3 Nf6 6. e5 Nfd7 7. Nh3 c5 8. dxc5 Nxc5 9. Qb5+ Nc6 10. Qxb6 axb6 11. Bb5 Bd7 12. f4 Nb4 13. Bxd7+ Kxd7 14. Kd2 d4 15. Nb5 d3 16. Nd4 dxc2 17. Nxc2 Nb3+ 18. axb3 Rc8 19. Nxb4 Bxb4+ 20. Ke2 Rc2+ 21. Kf3 Ke7 22. Ra7 Rb8 23. Rd1 Bc5 24. Be3 Bxe3 25. Kxe3 Rxb2 26. Nf2 Rxb3+ 27. Rd3 Rb2 28. Rc3 Kd8 29. Ra4 b5 30. Rd4+ Ke8 31. Rc7 Rb3+ 32. Nd3 Kf8 33. Rdd7 Kg8 34. Rxf7 Rd8 35. Rxg7+ Kf8 36. Rgd7 Rxd7 37. Rxd7 Ke8 38. Rxb7 Rb1 39. Rxh7 b4 40. Rb7 b3 41. Kd4 Rg1 42. Rxb3 Rxg2 43. Rb7 Rxh2 44. Nc5 Rd2+ 45. Ke3 Rc2 46. Nxe6 Re2+ 47. Kd4 Rd2+ 48. Kc5 Rd5+ 49. Kc4 Rc5+ 50. Nxc5 Kd8 51. Kd5 Kc8 52. Kd6 Kd8 53. Rb8# 1-0


[Site "https://www.chess.com"]

[Event "Titled Tuesday Blitz July 18 Early 2023"]
[White "Roberson, Peter T"]
[Black "Levitan, Ronit"]
[WhiteFideId "412384"]
[BlackFideId "2815109"]
[WhiteElo "2530"]
[BlackElo "2168"]
[Result "0-1"]
[Round "3"]
[TimeControl "180+2"]
[Date "2023.07.18"]
[WhiteClock "0:00:03"]
[BlackClock "0:00:18"]
[Board "149"]

1. d4 Nf6 2. c4 e6 3. Nf3 d5 4. g3 dxc4 5. Bg2 a6 6. Ne5 Bb4+ 7. Nc3 Nd5 8. O-O Nxc3 9. bxc3 Bxc3 10. Ba3 Bxa1 11. Qxa1 Nd7 12. d5 Nxe5 13. Qxe5 f6 14. Qh5+ g6 15. Qh6 Kf7 16. Rd1 e5 17. d6 Be6 18. f4 cxd6 19. fxe5 Qb6+ 20. Kh1 dxe5 21. h4 Rad8 22. Rf1 Bd5 23. e4 Be6 24. h5 Bc8 25. Be7 c3 26. Bxf6 Qxf6 27. Qc1 Qxf1+ 28. Qxf1+ Kg7 29. Qc4 Rd1+ 30. Kh2 Rhd8 31. Qxc3 Kf6 32. h6 Be6 33. Qf3+ Ke7 34. Qc3 b5 35. Qxe5 R8d2 36. Qg7+ Kd6 37. Qxh7 Rxa2 38. Qa7 Rdd2 39. Qb6+ Ke5 40. Qc7+ Kf6 41. Qf4+ Ke7 42. Qc7+ Bd7 43. Qe5+ Kd8 44. Qb8+ Ke7 45. Qe5+ Kd8 46. Qb8+ Bc8 47. Qb6+ Kd7 48. Qa7+ Ke6 49. h7 Rxg2+ 50. Kh3 Ke5+ 51. Kh4 g5+ 52. Kxg5 Rxg3+ 53. Kh6 Rh2# 0-1


[Site "https://www.chess.com"]

[Event "Titled Tuesday Blitz July 18 Early 2023"]
[White "Horokoskii"]
[Black "AyMitecK"]
[WhiteElo "2130"]
[BlackElo "2528"]
[Result "0-1"]
[Round "3"]
[TimeControl "180+2"]
[Date "2023.07.18"]
[WhiteClock "0:00:00"]
[BlackClock "0:01:01"]
[Board "150"]

1. d4 Nf6 2. c4 e6 3. Nc3 d5 4. cxd5 exd5 5. Bg5 Be7 6. e3 c6 7. Qc2 Nbd7 8. Bd3 Nf8 9. Nge2 Ne6 10. Bh4 g6 11. O-O O-O 12. f3 Ng7 13. Rad1 Nf5 14. Bf2 Re8 15. Rfe1 Bb4 16. a3 Ba5 17. b4 Bc7 18. e4 dxe4 19. fxe4 Bxh2+ 20. Kxh2 Ng4+ 21. Kg1 Nxf2 22. Kxf2 Qh4+ 23. Kg1 Ne3 24. Qd2 Nxd1 25. Rxd1 Bg4 26. Rf1 Bxe2 27. Qxe2 Re7 28. Qf3 Rd8 29. d5 f5 30. g3 Qf6 31. Bc4 Qd4+ 32. Kh2 Qxc4 33. exf5 Rf7 34. g4 cxd5 35. Ne2 d4 36. Nf4 d3 37. Rd1 d2 38. Qe3 Qd4 39. Qg3 Qd6 40. Qf3 g5 0-1


[Site "https://www.chess.com"]

[Event "Titled Tuesday Blitz July 18 Early 2023"]
[White "Rangel, Daniel"]
[Black "Floresvillar Gonzalez, Luis Migu"]
[WhiteFideId "2124475"]
[BlackFideId "5100542"]
[WhiteElo "2528"]
[BlackElo "2077"]
[Result "1-0"]
[Round "3"]
[TimeControl "180+2"]
[Date "2023.07.18"]
[WhiteClock "0:00:53"]
[BlackClock "0:00:06"]
[Board "151"]

1. d4 d5 2. c4 c6 3. Nc3 Nf6 4. Bg5 Ne4 5. Nxe4 dxe4 6. Qc2 Bf5 7. Be3 Bg6 8. h4 h5 9. Nh3 e6 10. Nf4 Bf5 11. g3 g6 12. Bg2 Bb4+ 13. Kf1 Na6 14. Bxe4 Bxe4 15. Qxe4 Qe7 16. a3 Bd6 17. b4 Nc7 18. Nd3 Qf8 19. b5 Bxa3 20. bxc6 b6 21. c5 bxc5 22. Rxa3 cxd4 23. Bxd4 Qxa3 24. Bxh8 O-O-O 25. Bf6 Rd5 26. Kg2 Qd6 27. Ra1 Qxc6 28. Rxa7 Rc5 29. Qxc6 Rxc6 30. Be5 Nd5 31. Rxf7 Rc2 32. Nf4 Nxf4+ 33. Bxf4 Rxe2 34. Rf6 e5 35. Be3 e4 36. Rxg6 Kd7 37. Rg5 Ke6 38. Rxh5 Kf7 39. Rg5 Kf6 40. h5 Rxe3 41. Rg6+ 1-0


[Site "https://www.chess.com"]

[Event "Titled Tuesday Blitz July 18 Early 2023"]
[White "ogpin"]
[Black "Andreev, Konstantin"]
[BlackFideId "24239305"]
[WhiteElo "2067"]
[BlackElo "2525"]
[Result "0-1"]
[Round "3"]
[TimeControl "180+2"]
[Date "2023.07.18"]
[WhiteClock "0:00:03"]
[BlackClock "0:00:34"]
[Board "152"]

1. e4 c5 2. Nf3 e6 3. d3 Nc6 4. Nc3 g6 5. g3 Bg7 6. Bg2 Nge7 7. h4 h5 8. O-O O-O 9. Bg5 d6 10. Qd2 Kh7 11. Rab1 a6 12. a4 b6 13. Ne2 Qc7 14. c3 Bb7 15. d4 cxd4 16. cxd4 Na5 17. Rfc1 Qd7 18. b4 Nac6 19. Be3 Rac8 20. Rc2 a5 21. bxa5 bxa5 22. Rcb2 Nb4 23. Nc3 Ba6 24. Bh3 d5 25. exd5 Nexd5 26. Nxd5 Qxd5 27. Ng5+ Kg8 28. Bg2 Qd7 29. Ne4 Qxa4 30. Bh6 Qb5 31. Bxg7 Kxg7 32. Nd6 Qa4 33. Nxc8 Rxc8 34. Rxb4 axb4 35. Qxb4 Qd7 36. Ra1 Bc4 37. Qb6 Rd8 38. Rd1 Bd5 39. Qc5 Bxg2 40. Kxg2 f6 41. Rd2 Qb7+ 42. Kh2 Rd5 43. Qc3 Qd7 44. Rd3 e5 45. Qd2 Rxd4 46. Rxd4 exd4 47. Qd3 f5 48. Kg2 Qd5+ 49. Kg1 Kf6 50. Kh2 Ke5 51. Kg1 Kd6 52. Qa6+ Kc5 53. Qd3 Kb4 54. Qd2+ Kc4 55. Qc2+ Kb5 56. Qd3+ Qc4 57. Qb1+ Kc5 58. Qb8 d3 59. Qe5+ Kb4 60. Qb2+ Kc5 61. Qe5+ Kc6 62. Qf6+ Kd5 63. Qf7+ Kc5 64. Qe7+ Kb5 65. Qe5+ Qc5 66. Qb2+ Kc4 67. Qc1+ Kd5 68. Qd2 Qc2 69. Qa5+ Kd4 70. Qb6+ Kc4 71. Qc6+ Kb3 72. Qb5+ Kc3 73. Qc5+ Kd2 74. Qe3+ Kd1 75. Kf1 Qe2+ 76. Kg2 Qxe3 77. fxe3 Ke2 0-1


[Site "https://www.chess.com"]

[Event "Titled Tuesday Blitz July 18 Early 2023"]
[White "Marosi, Levente"]
[Black "ilya2700"]
[WhiteFideId "747181"]
[WhiteElo "2523"]
[BlackElo "2057"]
[Result "1-0"]
[Round "3"]
[TimeControl "180+2"]
[Date "2023.07.18"]
[WhiteClock "0:02:05"]
[BlackClock "0:00:45"]
[Board "153"]

1. e4 c5 2. Nf3 e6 3. g3 d5 4. exd5 exd5 5. Bg2 Nc6 6. O-O Nf6 7. d4 Bd6 8. Re1+ Be6 9. dxc5 Bxc5 10. Be3 Bxe3 11. Rxe3 O-O 12. Nbd2 Qb6 13. Nb3 Rac8 14. c3 Rfe8 15. Nfd4 Nxd4 16. Qxd4 Qb5 17. Rae1 a5 18. Bf1 Rc4 19. Bxc4 dxc4 20. Nc5 Qxb2 21. Nxe6 fxe6 22. Qxc4 Nd5 23. Rxe6 Rd8 24. Re8+ Rxe8 25. Qxd5+ Kf8 26. Qf5+ 1-0


[Site "https://www.chess.com"]

[Event "Titled Tuesday Blitz July 18 Early 2023"]
[White "Feliz Dotel, Dewar Bienvenido"]
[Black "Garakov, Mikhael"]
[WhiteFideId "6402801"]
[BlackFideId "4169034"]
[WhiteElo "2050"]
[BlackElo "2523"]
[Result "0-1"]
[Round "3"]
[TimeControl "180+2"]
[Date "2023.07.18"]
[WhiteClock "0:00:00"]
[BlackClock "0:01:26"]
[Board "154"]

1. d4 Nf6 2. e3 e6 3. Nf3 c5 4. Bd3 b6 5. O-O Bb7 6. b3 Be7 7. Bb2 O-O 8. Nbd2 d6 9. Qe2 Nbd7 10. Rfe1 cxd4 11. exd4 Rc8 12. a4 Nd5 13. a5 Nf4 14. Qf1 bxa5 15. Nc4 Bxf3 16. gxf3 d5 17. Nxa5 Bb4 18. Nb7 Qg5+ 19. Kh1 Bxe1 20. Rxe1 Nxd3 21. Qxd3 Qg6 22. Qb5 Rxc2 23. Ba3 Rxf2 24. Rg1 Qh5 0-1


[Site "https://www.chess.com"]

[Event "Titled Tuesday Blitz July 18 Early 2023"]
[White "Bilan, Danila"]
[Black "ivana_999"]
[WhiteFideId "24161918"]
[WhiteElo "2522"]
[BlackElo "1982"]
[Result "1-0"]
[Round "3"]
[TimeControl "180+2"]
[Date "2023.07.18"]
[WhiteClock "0:01:26"]
[BlackClock "0:00:30"]
[Board "155"]

1. d4 Nf6 2. Nf3 d5 3. c4 c5 4. cxd5 cxd4 5. Qxd4 Qxd5 6. Nc3 Qxd4 7. Nxd4 a6 8. Bf4 Nbd7 9. Nf3 e6 10. g3 b5 11. Bg2 Bb7 12. O-O Be7 13. Rfd1 O-O 14. Ne5 Bxg2 15. Nxd7 Nxd7 16. Rxd7 b4 17. Kxg2 bxc3 18. Rxe7 cxb2 19. Rb1 Rac8 20. Rxb2 Rc6 21. Ra7 h6 22. a4 Rd8 23. a5 Rf8 24. Rb6 Rfc8 25. Raxa6 Rxb6 26. Rxb6 Ra8 27. Rb8+ Rxb8 28. Bxb8 Kf8 29. a6 Ke7 30. a7 Kf6 31. a8=Q Kg6 32. Qe4+ Kf6 33. Be5+ Ke7 34. Qb7+ Kf8 35. Qc8+ Ke7 36. Qc7+ Kf8 37. Qd8# 1-0


[Site "https://www.chess.com"]

[Event "Titled Tuesday Blitz July 18 Early 2023"]
[White "Goughfather"]
[Black "FoxOnTheRun97"]
[WhiteElo "2018"]
[BlackElo "2522"]
[Result "0-1"]
[Round "3"]
[TimeControl "180+2"]
[Date "2023.07.18"]
[WhiteClock "0:00:11"]
[BlackClock "0:00:06"]
[Board "156"]

1. d4 Nf6 2. Nc3 e6 3. e4 d5 4. exd5 exd5 5. Bg5 c6 6. Bd3 h6 7. Bh4 Be7 8. Nf3 O-O 9. h3 Ne4 10. Bxe7 Qxe7 11. O-O Nxc3 12. bxc3 Nd7 13. Re1 Qf6 14. c4 dxc4 15. Bxc4 Nb6 16. Bb3 Bf5 17. Ne5 Rad8 18. c3 Nd5 19. Qf3 Rfe8 20. g4 Bc8 21. Bxd5 Rxd5 22. Qxf6 gxf6 23. Nd3 Rdd8 24. Rxe8+ Rxe8 25. Re1 Rxe1+ 26. Nxe1 f5 27. f3 Kg7 28. Kf2 Kf6 29. Kg3 Be6 30. a3 fxg4 31. hxg4 Bc4 32. Kf4 a5 33. Ng2 Bd3 34. Ne3 Ke6 35. Kg3 f5 36. Kf4 fxg4 37. Nxg4 h5 38. Ne5 Be2 39. Ke3 Bd1 40. Nd3 h4 41. Nc5+ Kd5 42. Kd3 Bxf3 43. c4+ Kd6 44. Nxb7+ Kc7 45. Nxa5 h3 46. Ke3 h2 47. Kxf3 h1=Q+ 0-1


[Site "https://www.chess.com"]

[Event "Titled Tuesday Blitz July 18 Early 2023"]
[White "Gamboa, Juan Pablo"]
[Black "Mortazavi, Ali"]
[WhiteFideId "105180"]
[BlackFideId "401323"]
[WhiteElo "1958"]
[BlackElo "2520"]
[Result "1/2-1/2"]
[Round "3"]
[TimeControl "180+2"]
[Date "2023.07.18"]
[WhiteClock "0:00:07"]
[BlackClock "0:00:15"]
[Board "157"]

1. c4 Nf6 2. Nc3 g6 3. g3 d6 4. Bg2 Bg7 5. e4 O-O 6. Nge2 c5 7. d3 Nc6 8. Be3 Ne8 9. Qd2 Nd4 10. O-O Nc7 11. Bh6 Nxe2+ 12. Nxe2 e5 13. Bxg7 Kxg7 14. f4 f6 15. b4 b6 16. a4 cxb4 17. Qxb4 Na6 18. Qa3 Bg4 19. Nc3 Be6 20. Nb5 Nc5 21. f5 Bf7 22. fxg6 hxg6 23. Rf3 Be6 24. Raf1 a6 25. Nc3 Qd7 26. Nd5 Bxd5 27. cxd5 Qxa4 28. Qxa4 Nxa4 29. Ra1 Nc5 30. Bf1 b5 31. Rf2 Rfb8 32. Rb2 Rb6 33. Kf2 Rab8 34. Ke3 a5 35. d4 exd4+ 36. Kxd4 a4 37. Rb4 Nb3+ 38. Rxb3 axb3 39. Rb1 b4 40. Rxb3 Rc8 41. Bc4 g5 42. h4 gxh4 43. gxh4 Rh8 44. Rg3+ Kf7 45. Rh3 Rh5 46. Bb3 Rb8 47. Bd1 Rh6 48. h5 Rc8 49. Rb3 Rb8 50. Bg4 Rhh8 51. Kc4 Rhg8 52. Be6+ Kg7 53. Bxg8 Rc8+ 54. Kxb4 Rxg8 55. Kc4 Kh6 56. Rb7 Re8 57. Kd3 Kxh5 58. Rd7 Kg4 59. Rxd6 Kg5 60. Re6 Ra8 61. d6 Ra1 62. Kd4 Kg6 63. Kc5 Kf7 64. Re7+ Kf8 65. Kd5 Re1 66. e5 fxe5 67. Rxe5 Rd1+ 68. Ke6 Ke8 69. Rh5 Re1+ 70. Kd5 Rd1+ 71. Kc6 Rc1+ 72. Kb7 Kd7 73. Rh7+ Kxd6 74. Rh6+ Kd7 75. Rh7+ Kd6 76. Rh6+ Kd5 77. Rh5+ Ke6 78. Rh6+ Kf7 79. Rh7+ Kg6 80. Rc7 Rh1 81. Rc6+ Kf7 82. Rc7+ Ke6 83. Rc6+ Kd5 84. Rc7 Rb1+ 85. Kc8 Kd6 86. Rd7+ Ke6 87. Rh7 Rc1+ 88. Kd8 Rd1+ 89. Ke8 Ra1 90. Rh6+ Kf5 91. Rh5+ Kg6 92. Rc5 Rd1 93. Rc6+ Kg7 94. Rc7+ Kf6 95. Rf7+ Ke6 96. Re7+ Kf6 97. Rf7+ Kg6 98. Rd7 Ra1 99. Rd6+ Kf5 100. Rd5+ Ke6 101. Rd8 Ra7 102. Kf8 Rh7 103. Rd1 Rf7+ 104. Kg8 Rf2 105. Re1+ Kf6 106. Rd1 Rg2+ 107. Kf8 Ra2 108. Rf1+ Ke6 109. Re1+ Kd6 110. Rd1+ Kc7 111. Rc1+ Kb8 112. Rb1+ Ka7 113. Ke7 Re2+ 114. Kd6 Re8 115. Kc7 Re7+ 116. Kd6 Rh7 117. Kc6 Rh6+ 118. Kc7 Rh7+ 119. Kc6 Rh6+ 120. Kc7 Rh7+ 121. Kc6 1/2-1/2


[Site "https://www.chess.com"]

[Event "Titled Tuesday Blitz July 18 Early 2023"]
[White "Skiadopoulos, Nikolaos"]
[Black "Horak, Martin"]
[WhiteFideId "4200772"]
[BlackFideId "367095"]
[WhiteElo "1905"]
[BlackElo "2517"]
[Result "0-1"]
[Round "3"]
[TimeControl "180+2"]
[Date "2023.07.18"]
[WhiteClock "0:00:00"]
[BlackClock "0:00:28"]
[Board "158"]

1. e4 c5 2. Nf3 Nc6 3. c3 d5 4. exd5 Qxd5 5. d4 g6 6. Nbd2 cxd4 7. Bc4 Qd8 8. Qb3 e6 9. O-O Nf6 10. Nxd4 Nxd4 11. cxd4 Bg7 12. Nf3 O-O 13. Bg5 b6 14. Rad1 Bb7 15. Ne5 h6 16. Bxf6 Qxf6 17. Nd7 Qg5 18. d5 Rfd8 19. f4 Qe7 20. dxe6 fxe6 21. Bxe6+ Kh8 22. Rfe1 Re8 23. Bh3 Qxe1+ 24. Rxe1 Rxe1+ 25. Kf2 Re4 26. g3 Rae8 27. Ne5 Bxe5 28. fxe5 Rf8+ 0-1


[Site "https://www.chess.com"]

[Event "Titled Tuesday Blitz July 18 Early 2023"]
[White "Zacurdajev, Dmitry"]
[Black "Molina, Roberto Junio Brito"]
[WhiteFideId "4196309"]
[BlackFideId "2109450"]
[WhiteElo "2408"]
[BlackElo "2894"]
[Result "1-0"]
[Round "3"]
[TimeControl "180+2"]
[Date "2023.07.18"]
[WhiteClock "0:01:02"]
[BlackClock "0:00:42"]
[Board "159"]

1. d4 d5 2. c4 c6 3. Nc3 dxc4 4. a4 e5 5. dxe5 Qxd1+ 6. Kxd1 Be6 7. e4 Nd7 8. f4 g6 9. Nf3 Bb4 10. Nd4 Nc5 11. Nxe6 fxe6 12. Bxc4 Rd8+ 13. Kc2 Rd4 14. b3 Nxe4 15. Nxe4 Rxe4 16. Kd3 Re1 17. Rxe1 Bxe1 18. Ba3 Ba5 19. Bxe6 Ne7 20. Ke4 Rf8 21. Rd1 g5 22. Bd7+ Kf7 23. e6+ Kf6 24. fxg5+ 1-0


[Site "https://www.chess.com"]

[Event "Titled Tuesday Blitz July 18 Early 2023"]
[White "Villarreal, Agustin"]
[Black "Remizov, Yaroslav"]
[WhiteFideId "125687"]
[BlackFideId "34134015"]
[WhiteElo "2382"]
[BlackElo "2752"]
[Result "0-1"]
[Round "3"]
[TimeControl "180+2"]
[Date "2023.07.18"]
[WhiteClock "0:00:00"]
[BlackClock "0:00:59"]
[Board "160"]

1. e4 c6 2. d4 d5 3. exd5 cxd5 4. Bd3 Nc6 5. c3 Nf6 6. Bf4 Bg4 7. Nf3 e6 8. Nbd2 Bd6 9. Bxd6 Qxd6 10. h3 Bxf3 11. Nxf3 O-O 12. O-O Qc7 13. Re1 Rab8 14. Qe2 a6 15. a4 g6 16. g3 Kg7 17. Kg2 Rfe8 18. Qe3 Re7 19. Re2 b5 20. b4 Nd7 21. Qd2 Ree8 22. Ree1 Rec8 23. Qe2 Na7 24. Rec1 Rb6 25. Nd2 Rc6 26. axb5 Nxb5 27. Bxb5 axb5 28. Qxb5 Nb6 29. Ra6 Rb8 30. Nb3 Rd6 31. Nc5 Nc4 32. Qa4 Rdb6 33. Ra7 Qd8 34. Ra1 Qg5 35. Qd1 Qf5 36. Qe2 h5 37. Rd7 Rf8 38. Raa7 Kg8 39. Na4 Rbb8 40. Nc5 Nb6 41. Nxe6 Nxd7 0-1


[Site "https://www.chess.com"]

[Event "Titled Tuesday Blitz July 18 Early 2023"]
[White "Tregubov, Pavel V."]
[Black "Merino Garcia, Rafael II"]
[WhiteFideId "4115341"]
[BlackFideId "2209128"]
[WhiteElo "2623"]
[BlackElo "2393"]
[Result "1-0"]
[Round "3"]
[TimeControl "180+2"]
[Date "2023.07.18"]
[WhiteClock "0:00:21"]
[BlackClock "0:00:28"]
[Board "161"]

1. e4 d6 2. d4 Nd7 3. Nc3 g6 4. Nf3 Bg7 5. Be2 a6 6. O-O b5 7. a4 b4 8. Nd5 e6 9. Nxb4 Bb7 10. d5 e5 11. a5 Ne7 12. c4 O-O 13. Nd3 h6 14. b4 f5 15. Nd2 fxe4 16. Nxe4 Nf5 17. Re1 Qh4 18. Bf1 Nd4 19. Bb2 Rf7 20. Bxd4 exd4 21. g3 Qd8 22. Bh3 Kh7 23. Be6 Rf8 24. f4 Nf6 25. Qf3 Qe7 26. Nd2 Qd8 27. Nb3 Bc8 28. Rad1 Bxe6 29. Rxe6 Nd7 30. Rde1 Rf7 31. Kg2 Qf8 32. h4 Ne5 33. Qe4 Nxc4 34. Nxd4 Nd2 35. Qxg6+ Kh8 36. Re8 Rxe8 37. Ne6 Rxe6 38. dxe6 Rf6 39. Qh5 Qe7 40. f5 d5 41. Nf4 Qxb4 42. e7 Ne4 43. e8=Q+ Kh7 44. Qhg6+ Rxg6 45. fxg6# 1-0


[Site "https://www.chess.com"]

[Event "Titled Tuesday Blitz July 18 Early 2023"]
[White "Vaibhav Jayant Raut"]
[Black "TomLiu777"]
[WhiteFideId "5089034"]
[WhiteElo "2598"]
[BlackElo "2348"]
[Result "1-0"]
[Round "3"]
[TimeControl "180+2"]
[Date "2023.07.18"]
[WhiteClock "0:00:42"]
[BlackClock "0:00:00"]
[Board "162"]

1. e4 e6 2. Qe2 c5 3. d3 Nc6 4. Nf3 d6 5. g3 g6 6. h4 h5 7. Bg2 Bg7 8. O-O Nge7 9. c3 e5 10. a4 Bg4 11. Na3 Qd7 12. Nc4 O-O 13. Ne3 Bh3 14. Ng5 Bxg2 15. Nxg2 d5 16. f4 dxe4 17. Nxe4 exf4 18. Bxf4 b6 19. Bh6 Nf5 20. Bxg7 Kxg7 21. Rf4 Rae8 22. Raf1 Ne5 23. Rd1 Qc6 24. Qf1 Ng4 25. Rxf5 gxf5 26. Qxf5 Qg6 27. Qf3 Ne5 28. Qe2 Nxd3 29. Qxd3 Qxe4 30. Qf1 Qg4 31. Rd5 f6 32. Kh2 Re5 33. Rd2 Rfe8 34. Nf4 Re3 35. Qg2 Qf3 36. Rd7+ Kg8 37. Qxf3 Rxf3 38. Nxh5 Re2+ 39. Kh3 Rf1 40. Kg4 f5+ 41. Kg5 Kf8 42. Rxa7 Ke8 43. Rb7 1-0


[Site "https://www.chess.com"]

[Event "Titled Tuesday Blitz July 18 Early 2023"]
[White "musclemonster12"]
[Black "Pourkashiyan, Atousa"]
[BlackFideId "12502014"]
[WhiteElo "2554"]
[BlackElo "2324"]
[Result "1-0"]
[Round "3"]
[TimeControl "180+2"]
[Date "2023.07.18"]
[WhiteClock "0:00:12"]
[BlackClock "0:00:03"]
[Board "163"]

1. c4 e6 2. Nc3 d5 3. cxd5 exd5 4. d4 Nf6 5. Bg5 c6 6. e3 Be7 7. Bd3 O-O 8. Nge2 Ne4 9. Bxe7 Qxe7 10. Bxe4 dxe4 11. O-O Bg4 12. Qc2 Bxe2 13. Qxe2 Nd7 14. Qc2 Nf6 15. Rab1 a5 16. Na4 Nd5 17. a3 f5 18. Qc5 Qg5 19. Nc3 Nf6 20. h3 Qg6 21. b4 axb4 22. Rxb4 Rf7 23. Rfb1 Nd7 24. Qc4 b5 25. Qb3 Kh8 26. Ne2 Nb6 27. Nf4 Qf6 28. d5 Nxd5 29. Nxd5 cxd5 30. Rxb5 h6 31. Qxd5 Rxa3 32. Rb6 Qe7 33. Re6 Qd7 34. Qe5 Kh7 35. Rb8 Ra2 36. Ree8 Qd1+ 37. Kh2 Rxf2 38. Qg3 Rxg2+ 39. Qxg2 g6 40. Rh8+ Kg7 41. Qb2+ Rf6 42. Qb7+ Rf7 43. Rh7+ Kf6 44. Qxf7+ Kg5 45. Qe7+ Kh5 46. Rxh6+ Kxh6 47. Rh8# 1-0


[Site "https://www.chess.com"]

[Event "Titled Tuesday Blitz July 18 Early 2023"]
[White "Schut, Han"]
[Black "Keleberda, Tymur"]
[WhiteFideId "1005561"]
[BlackFideId "14174294"]
[WhiteElo "2310"]
[BlackElo "2514"]
[Result "0-1"]
[Round "3"]
[TimeControl "180+2"]
[Date "2023.07.18"]
[WhiteClock "0:00:01"]
[BlackClock "0:00:38"]
[Board "164"]

1. e4 c5 2. Nf3 d6 3. d4 cxd4 4. Nxd4 Nf6 5. f3 a6 6. c4 g6 7. Nc3 Bg7 8. Be3 O-O 9. Qd2 Bd7 10. Rc1 Nc6 11. Be2 Rc8 12. O-O b6 13. Rfd1 Qc7 14. Nd5 Qd8 15. Nxc6 Rxc6 16. Nc3 Qb8 17. Bf1 Rfc8 18. Qf2 Be6 19. Na4 Nd7 20. b3 b5 21. cxb5 axb5 22. Rxc6 Rxc6 23. Nb2 Ra6 24. Nd3 Bc3 25. Bd4 Bxd4 26. Qxd4 Rxa2 27. h4 Bxb3 28. Rc1 Bc4 29. Nb4 Ra4 30. Bxc4 bxc4 31. Nd5 Qa7 32. Nxe7+ Kf8 33. Qxa7 Rxa7 34. Nd5 Ra4 35. Kf2 Nc5 36. Rc2 f5 37. exf5 gxf5 38. Ke3 Ne6 39. Nb6 Ra3+ 40. Kf2 c3 41. Nd5 Nc5 42. Rxc3 Ra2+ 43. Kg3 Kf7 44. Ne3 Ke6 45. Nc2 Ra4 46. Re3+ Kf6 47. Ne1 f4+ 0-1


[Site "https://www.chess.com"]

[Event "Titled Tuesday Blitz July 18 Early 2023"]
[White "Gaal, Zsoka"]
[Black "Wartiovaara, Oliver"]
[WhiteFideId "777765"]
[BlackFideId "513024"]
[WhiteElo "2422"]
[BlackElo "2478"]
[Result "0-1"]
[Round "3"]
[TimeControl "180+2"]
[Date "2023.07.18"]
[WhiteClock "0:00:00"]
[BlackClock "0:00:47"]
[Board "165"]

1. Nf3 Nf6 2. g3 g6 3. b3 Bg7 4. Bb2 O-O 5. Bg2 d6 6. d4 c5 7. c4 Nc6 8. O-O Ne4 9. Nbd2 Nxd2 10. Qxd2 Bg4 11. e3 Qc8 12. dxc5 Bxb2 13. Qxb2 dxc5 14. Ne5 Nxe5 15. Qxe5 Re8 16. a4 Rb8 17. a5 f6 18. Bd5+ e6 19. Qxf6 exd5 20. cxd5 Rf8 21. Qc3 Bf3 22. Qe5 Qh3 23. Qe6+ Qxe6 24. dxe6 Rfe8 25. Rfc1 b6 26. axb6 axb6 27. Ra7 Rxe6 28. b4 Rc6 29. b5 Rd6 30. h3 Rbd8 31. g4 Be2 32. Kh2 Bxb5 33. Rca1 c4 34. Rb7 R8d7 35. Ra8+ Kg7 36. Rbb8 c3 37. g5 c2 38. Rg8+ Kf7 39. Rgf8+ Ke6 40. Rac8 Rc6 41. Rf6+ Kd5 42. e4+ Kc5 43. Rfxc6+ Bxc6 0-1


[Site "https://www.chess.com"]

[Event "Titled Tuesday Blitz July 18 Early 2023"]
[White "Baches Garcia, Guillermo"]
[Black "Thiel, Thomas"]
[WhiteFideId "2209764"]
[BlackFideId "4615964"]
[WhiteElo "2453"]
[BlackElo "2233"]
[Result "1/2-1/2"]
[Round "3"]
[TimeControl "180+2"]
[Date "2023.07.18"]
[WhiteClock "0:00:21"]
[BlackClock "0:00:47"]
[Board "166"]

1. e4 d5 2. exd5 Nf6 3. c4 c6 4. Nc3 cxd5 5. cxd5 Nxd5 6. Nf3 Nc6 7. Bb5 e6 8. O-O Be7 9. d4 O-O 10. Re1 Bd7 11. Bd3 Bf6 12. Bb1 g6 13. a3 Re8 14. Ne4 Bg7 15. Bg5 Qb6 16. Nd6 Rf8 17. Nc4 Qa6 18. Bd3 b5 19. Nce5 Nxe5 20. dxe5 Qb7 21. Qe2 a6 22. Rac1 h6 23. Bd2 Rfc8 24. Be4 Rxc1 25. Rxc1 Rc8 26. Qd1 Rxc1 27. Qxc1 Qc6 28. Bxh6 Qxc1+ 29. Bxc1 Bc6 30. g3 Ne7 31. Bxc6 Nxc6 32. Bf4 Bf8 33. Kf1 Bc5 34. Ke2 Nd4+ 35. Nxd4 Bxd4 36. b3 Bb2 37. a4 bxa4 38. bxa4 Kg7 39. g4 g5 40. Bxg5 Bxe5 41. h4 f6 42. Be3 Bb2 43. f4 Kg6 44. Kd3 f5 45. h5+ Kh6 46. g5+ Kxh5 47. Bd4 Bc1 48. Be5 Kg6 49. Kc4 Bd2 50. Kc5 Kf7 51. Kb6 a5 52. Kb5 Kg6 53. Kc6 Kf7 54. Kd7 Bb4 55. Bc7 Bd2 56. Be5 Bb4 57. Kc6 Bd2 58. Kb5 Kg6 59. Bc7 Kf7 60. Kc6 Bc3 61. Bd6 Bd2 62. Be5 Kg6 63. Kd7 Kf7 64. Kc6 Kg6 65. Kd7 Kf7 66. Kc6 1/2-1/2


[Site "https://www.chess.com"]

[Event "Titled Tuesday Blitz July 18 Early 2023"]
[White "Cheer_Down"]
[Black "Kiseleva, Arina"]
[BlackFideId "4164989"]
[WhiteElo "2446"]
[BlackElo "2206"]
[Result "1-0"]
[Round "3"]
[TimeControl "180+2"]
[Date "2023.07.18"]
[WhiteClock "0:01:07"]
[BlackClock "0:00:00"]
[Board "167"]

1. e4 c6 2. d4 d5 3. exd5 cxd5 4. c4 Nf6 5. Nc3 e6 6. Nf3 Bb4 7. cxd5 Nxd5 8. Qc2 O-O 9. Bd3 g6 10. h4 Re8 11. h5 f5 12. hxg6 hxg6 13. Kf1 Bf8 14. Ne5 Nb4 15. Qb3 Nxd3 16. Nxd3 Qxd4 17. Nb5 Qd8 18. Bf4 Nc6 19. Rd1 Nd4 20. Nxd4 Qxd4 21. Be5 Qd5 22. Rh8+ Kf7 23. Qc3 Qc6 24. Qd2 Bg7 25. Rh7 Rg8 26. Qh6 Bd7 27. Rxg7+ Rxg7 28. Qxg7+ Ke8 29. Bf6 1-0


[Site "https://www.chess.com"]

[Event "Titled Tuesday Blitz July 18 Early 2023"]
[White "Tqebuchava, Zurab"]
[Black "Gatterer, Florian"]
[WhiteFideId "13601113"]
[BlackFideId "811688"]
[WhiteElo "2107"]
[BlackElo "2443"]
[Result "1/2-1/2"]
[Round "3"]
[TimeControl "180+2"]
[Date "2023.07.18"]
[WhiteClock "0:01:31"]
[BlackClock "0:01:25"]
[Board "168"]

1. e4 c5 2. Nf3 e6 3. b3 b6 4. Bb2 Bb7 5. e5 d5 6. exd6 Nf6 7. Bb5+ Bc6 8. Bxc6+ Nxc6 9. O-O Bxd6 10. d3 O-O 11. Nbd2 a5 12. a4 Nd5 13. Nc4 Bc7 14. Nfe5 Nxe5 15. Nxe5 Qg5 16. Qg4 Qxg4 17. Nxg4 f6 18. Ne3 Nb4 19. Bc3 Nd5 1/2-1/2


[Site "https://www.chess.com"]